 Dungeon Crawl Stone Soup version 0.20-a0-548-g4f8a798 (webtiles) character file.

170 Alarkh the Chopper (level 5, -4/43 HPs)
             Began as a Demonspawn Monk on Feb 1, 2017.
             Slain by an orc
             ... wielding a +0 hand axe
              (6 damage)
             ... on level 3 of the Dungeon.
             The game lasted 00:02:14 (2814 turns).

Alarkh the Chopper (Demonspawn Monk)                Turns: 2814, Time: 00:02:14

Health: -4/43      AC:  4    Str: 16    XL:     5   Next: 25%
Magic:  5/5        EV: 13    Int: 12    God:
Gold:   108        SH:  0    Dex: 16    Spells: 4/4 levels left

rFire    . . .     SeeInvis .   a - +0 hand axe
rCold    . . .     Gourm    .   b - +0 robe
rNeg     . . .     Faith    .   (no shield)
rPois    .         Spirit   .   (no helmet)
rElec    .         Reflect  .   (no cloak)
rCorr    .         Harm     .   (no gloves)
MR       .....                  (no boots)
Stlth    ++........             (no amulet)
Regen    0.2/turn               (no ring)
                                (no ring)

@: mighty, lethally poisoned (-4 -> -20)
A: claws 1, rugged brown scales 2, powered by pain 1
a: no special abilities


You were on level 3 of the Dungeon.
You were not hungry.

You visited 1 branch of the dungeon, and saw 3 of its levels.

You collected 108 gold pieces.

Inventory:

Hand Weapons
 a - a +0 hand axe (weapon)
Armour
 b - a +0 robe (worn)
Jewellery
 g - a cursed -2 ring of dexterity {unknown}
Scrolls
 e - 2 scrolls of enchant armour {unknown}
 h - a scroll of fog {unknown}
 i - a scroll of noise {unknown}
 k - a scroll of enchant weapon {unknown}
 l - a scroll of immolation {unknown}
 n - 2 scrolls of remove curse
 q - 5 scrolls of identify {unknown}
 t - 2 scrolls of teleportation {unknown}
 u - a scroll of fear {unknown}
Potions
 d - a potion of flight {unknown}
 m - a potion of agility
 o - a potion of cancellation {unknown}
 p - a potion of resistance {unknown}
 r - a potion of magic {unknown}
 v - 2 potions of heal wounds {unknown}
Comestibles
 c - a bread ration
 f - a royal jelly
 j - 3 meat rations
 s - 4 chunks of flesh


   Skills:
 - Level 3.0 Fighting
 + Level 5.5 Axes
 - Level 2.6 Dodging
 - Level 1.7 Stealth


You had 4 spell levels left.
You didn't know any spells.

Dungeon Overview and Level Annotations

Branches:
Dungeon (3/15)

Altars:
Dithmenos
Gozag
Kikubaaqudgha
Ru
Yredelemnul


Innate Abilities, Weirdness & Mutations

You have sharp fingernails.
You are mostly covered in rugged brown scales. (AC +2, +5% HP)
You sometimes gain a little power by taking damage.


Message History

You hit the orc but do no damage.
The orc is heavily wounded.
You barely miss the orc.
* * * LOW HITPOINT WARNING * * *
You feel sick. The orc hits you but does no damage. The orc misses you.
You hit the orc.
You kill the orc!
You barely miss the orc.
* * * LOW HITPOINT WARNING * * *
You feel sick. The orc barely misses you.
* * * LOW HITPOINT WARNING * * *
You feel sick. The orc completely misses you.
Items here: )) [ † a dagger of venom; a chain mail; a falchion; an orc corpse Unknown command.
It was a potion of might.
You feel very mighty all of a sudden.
* * * LOW HITPOINT WARNING * * *
You feel sick. The orc hits you with a hand axe.
You die...

#.# ...... #.# #.#
#.# ### #.# ..# #.#
#.# #.#######.#####
######(......o)....#
...............@###.#
###........?!..)....#
#.################# #


You could see an orc.

Vanquished Creatures
  An orc priest (D:3)
  An orc wizard (D:3)
  5 adders
  2 oozes
  2 worms
  2 dart slugs
  3 leopard geckos
  2 orcs (D:3)
  4 giant cockroaches
  6 hobgoblins
  2 ball pythons
  4 bats (D:2)
  2 frilled lizards
  8 goblins
  5 kobolds
  6 rats
  A spectral orc (D:2)
56 creatures vanquished.

Notes
Turn   | Place    | Note
-------+----------+-------------------------------------------
     0 | D:1      | Alarkh the Demonspawn Monk began the quest for the Orb.
     0 | D:1      | Reached XP level 1. HP: 18/18 MP: 1/1
   127 | D:1      | Reached skill level 3 in Axes
   189 | D:1      | Gained mutation: You are partially covered in rugged brown scales. (AC +1, +3% HP) [demonic ancestry]
   189 | D:1      | Reached XP level 2. HP: 18/24 MP: 2/2
   739 | D:2      | Found an opulent altar of Gozag.
  1381 | D:2      | Gained mutation: You are mostly covered in rugged brown scales. (AC +2, +5% HP) [demonic ancestry]
  1381 | D:2      | Reached XP level 3. HP: 22/30 MP: 3/3
  1420 | D:2      | Found a basalt altar of Yredelemnul.
  1547 | D:2      | Reached skill level 4 in Axes
  1580 | D:2      | Found a sacrificial altar of Ru.
  1581 | D:2      | Found an ancient bone altar of Kikubaaqudgha.
  2149 | D:2      | Gained mutation: You have sharp fingernails. [demonic ancestry]
  2149 | D:2      | Reached XP level 4. HP: 31/36 MP: 4/4
  2282 | D:3      | Found a shadowy altar of Dithmenos.
  2614 | D:3      | Reached skill level 5 in Axes
  2797 | D:3      | Gained mutation: You sometimes gain a little power by taking damage. [demonic ancestry]
  2797 | D:3      | Reached XP level 5. HP: 38/43 MP: 5/5
  2814 | D:3      | HP: 2/43 [poisoned by an orc]
  2814 | D:3      | Slain by an orc

Vault maps used:
D:1:      tarquinn_simple_flora_water_a
D:2:      yredelemnul_forgotten_temple_becter, nicolae_overflow_hidden_temple,
          minmay_misc_feat_diagonals, serial_bayou_crossing
D:3:      grunt_temple_overflow_lords_of_destruction, grunt_dithmenos_smoke,
          st_stairs_11

Skill      XL: |  1  2  3  4 |
---------------+-------------+-----
Axes           | 3 4 5 |  5.5
Fighting       | |  3.0
Dodging        | |  2.6
Stealth        | |  1.7

Action                   |  1- 3 |  4- 6 || total
-------------------------+-------+-------++-------
Melee: Hand axe          |   155 |    84 ||   239
  Use: Scroll            |     1 |       ||     1
       Potion            |       |     2 ||     2
 Stab: Sleeping          |     5 |     4 ||     9
  Eat: Chunk             |     4 |     2 ||     6
Armor: Robe              |    38 |    17 ||    55
Dodge: Dodged            |   101 |    67 ||   168
